 Dungeon Crawl Stone Soup version 0.23-a0-446-g036aa52d93 (console) character file.

236 Gottschkopf the Changer (level 5, -20/40 HPs)
             Began as a Draconian Transmuter on Nov 18, 2018.
             Was a Follower of Cheibriados.
             Killed from afar by Ijyb (24 damage)
             ... with a wand of acid (11)
             ... on level 3 of the Dungeon.
             The game lasted 00:06:50 (2827 turns).

Gottschkopf the Changer (Draconian Transmuter)      Turns: 2827, Time: 00:06:51

Health: -20/40     AC:  3    Str: 15    XL:     5   Next: 77%
Magic:  8/8        EV: 12    Int: 16    God:    Cheibriados [*.....]
Gold:   160        SH:  0    Dex: 13    Spells: 4/8 levels left

rFire    . . .     SeeInvis .     - Unarmed
rCold    . . .     Gourm    .   (no shield)
rNeg     . . .     Faith    .   (armour unavailable)
rPois    .         Spirit   .   (helmet restricted)
rElec    .         Reflect  .   h - +1 cloak
rCorr    .         Harm     .   (no gloves)
MR       .....                  (no boots)
Stlth    +.........             (no amulet)
HPRegen  0.13/turn              (no ring)
MPRegen  0.11/turn              (no ring)

@: corroded, very slow
A: unfitting armour, cold-blooded, AC +5
a: Bend Time, Renounce Religion


You were on level 3 of the Dungeon.
You worshipped Cheibriados.
Cheibriados was aware of your devotion.
You were not hungry.

You visited 1 branch of the dungeon, and saw 3 of its levels.

You collected 160 gold pieces.

Inventory:

Missiles
 a - 34 arrows
Armour
 b - a +0 buckler
 h - a +1 cloak (worn)
Wands
 k - a wand of flame (7)
Scrolls
 d - a scroll of identify
 e - a scroll of amnesia {unknown}
 f - a scroll of magic mapping {unknown}
 g - 2 scrolls of teleportation
 i - 2 scrolls of remove curse {unknown}
 j - a scroll of enchant armour {unknown}
 p - 3 scrolls of fear {unknown}
Potions
 l - a potion of lignification
 n - a potion of curing
 o - a potion of flight
 q - a potion of mutation
Comestibles
 c - 3 rations
 m - 8 chunks of flesh


   Skills:
 - Level 1.1 Fighting
 - Level 1.7 Dodging
 - Level 3.0 Unarmed Combat
 - Level 2.0 Spellcasting
 + Level 6.1 Transmutations


You had 4 spell levels left.
You knew the following spells:

 Your Spells              Type           Power        Failure   Level  Hunger
a - Beastly Appendage     Tmut           ###...       1%          1    #......
b - Spider Form           Tmut/Pois      ##........   17%         3    ###....

Your spell library contained the following spells:

 Spells                   Type           Power        Failure   Level  Hunger
 Sticks to Snakes         Tmut           ###.....     2%          2    ###....
 Ice Form                 Ice/Tmut       ##......     50%         4    #####..
 Blade Hands              Tmut           ###.......   41%         5    ######.


Dungeon Overview and Level Annotations

Branches:
Dungeon (3/15)

Altars:
Cheibriados

Annotations:
D:3 Ijyb


Innate Abilities, Weirdness & Mutations

Your plain brown scales are hard. (AC +5)
You cannot fit into any form of body armour.
You are cold-blooded and may be slowed by cold attacks.


Message History

q - a potion of mutation
As you read the scroll of identify, it crumbles to dust.
o - a potion of flight
As you read the scroll of identify, it crumbles to dust.
l - a potion of lignification
As you read the scroll of identify, it crumbles to dust.
n - a potion of curing
As you read the scroll of identify, it crumbles to dust.
g - 2 scrolls of teleportation
Okay, then.
Ijyb the Twisted Goblin comes into view.
She is wielding a +0 club and carrying A rat comes into view.
Ijyb zaps a wand.
The bolt of acid hits you! The acid corrodes you!
You are splashed with acid!
The acid burns!
* * * LOW HITPOINT WARNING * * *
A rat comes into view.
The rat twitches its whiskers.
Ijyb zaps a wand.
The bolt of acid hits you!
Ouch! That really hurt!
You die...

#.##.#
#.##.##
#.#...##
#......# ##
###....# .
##.#.#.#
#.#.#.#####
#.....<...#
#..@......#
#.........#
#$........#
#..........
#.........#
#..g.....r#
#..........
#.........#
#.r.###..#


You could see Ijyb and a rat.

Vanquished Creatures
  Natasha (thrice) (D:2)
  Terence (D:2)
  4 gnolls (D:3)
  3 adders
  2 worms
  A leopard gecko (D:2)
  9 orcs (D:3)
  A ball python (D:3)
  4 bats
  5 hobgoblins
  4 jackals (D:3)
  A quokka (D:3)
  3 frilled lizards
  7 goblins
  5 kobolds
  6 rats
59 creatures vanquished.

Notes
Turn   | Place    | Note
-------+----------+-------------------------------------------
     0 | D:1      | Gottschkopf the Draconian Transmuter began the quest for
                  | the Orb.
     0 | D:1      | Reached XP level 1. HP: 16/16 MP: 3/3
   157 | D:1      | Reached XP level 2. HP: 17/23 MP: 3/5
   547 | D:1      | Reached skill level 3 in Transmutations
  1147 | D:2      | Reached XP level 3. HP: 23/28 MP: 4/6
  1152 | D:2      | Learned a level 3 spell: Spider Form
  1238 | D:2      | Noticed Terence
  1239 | D:2      | Noticed Natasha
  1554 | D:2      | Killed Natasha
  1554 | D:2      | Reached skill level 4 in Transmutations
  1875 | D:2      | Reached XP level 4. HP: 35/35 MP: 5/7
  2054 | D:2      | Killed Terence
  2073 | D:2      | Found a snail-covered altar of Cheibriados.
  2081 | D:2      | Became a worshipper of Cheibriados the Contemplative
  2142 | D:2      | Noticed Natasha
  2153 | D:2      | Killed Natasha
  2153 | D:2      | Reached skill level 5 in Transmutations
  2311 | D:2      | Noticed Natasha
  2319 | D:2      | Killed Natasha
  2319 | D:2      | Reached XP level 5. HP: 35/40 MP: 4/8
  2715 | D:3      | Reached * piety under Cheibriados
  2715 | D:3      | Reached skill level 6 in Transmutations
  2825 | D:3      | Noticed Ijyb
  2827 | D:3      | Killed from afar by Ijyb

Vault maps used:
D:1:      kilobyte_arrival_exit_the_forest
D:2:      lemuel_coloured_pillars_altar, uniq_terence, uniq_natasha
D:3:      chequers_ecumenical_altar_grove, uniq_ijyb

Skill      XL: |  1  2  3  4  5 |
---------------+----------------+-----
Transmutations | 3 4 5 6 |  6.1
Fighting       | |  1.1
Dodging        | |  1.7
Unarmed Combat | |  3.0
Spellcasting   | |  2.0

Action                   |  1- 3 |  4- 6 || total
-------------------------+-------+-------++-------
Melee: Unarmed           |   111 |   102 ||   213
       Headbutt          |     7 |     1 ||     8
       Tailslap          |     8 |     4 ||    12
       Kick              |     3 |     5 ||     8
       Punch             |     1 |       ||     1
 Cast: Beastly Appendage |    18 |     9 ||    27
       Spider Form       |     3 |     9 ||    12
  Use: Scroll            |       |     5 ||     5
  Eat: Chunk             |     3 |     3 ||     6
       Ration            |       |     1 ||     1
Armor: Skin              |    31 |    21 ||    52
Dodge: Dodged            |    72 |    76 ||   148

Table legend:
 A = Non-vault XP
 B = Vault XP
 C = Vault XP percentage of total XP
 D = Non-vault monster count
 E = Vault monster count
 F = Vault count percentage of total count
                 A         B        C        D         E       F
            +---------+---------+-------+---------+---------+-------
      Total |     266 |      72 |  21.3 |      57 |       2 |   3.4
            +---------+---------+-------+---------+---------+-------
        D:1 |      21 |       0 |   0.0 |      14 |       0 |   0.0
        D:2 |     121 |      72 |  37.3 |      17 |       2 |  10.5
        D:3 |     124 |       0 |   0.0 |      26 |       0 |   0.0
            +---------+---------+-------+---------+---------+-------
